 Dungeon Crawl Stone Soup version 0.29.1-15-g9cfb28693d (webtiles) character file.

Game seed: 8464939009755233263

4037 BigDaddyOpFi the Grappler (level 10, -1/100 HPs)
             Began as a Troll Fighter on Feb 27, 2023.
             Was a Believer of Wu Jian.
             Slain by Amaemon
             ... wielding a -1 demon whip of venom
              (2 damage)
             ... on level 8 of the Dungeon.
             The game lasted 00:06:45 (5882 turns).

BigDaddyOpFi the Grappler (Troll Fighter)           Turns: 5882, Time: 00:06:46

Health: -1/100     AC: 11    Str: 26    XL:     10   Next: 4%
Magic:  9/9        EV: 10    Int:  8    God:    Wu Jian [**....]
Gold:   405        SH:  0    Dex:  9    Spells: 9/9 levels left

rFire   . . .      SeeInvis .     - Unarmed
rCold   . . .      Faith    .   w - orb {light}
rNeg    . . .      Spirit   .   I - +0 steam dragon scales
rPois   .          Reflect  .   (helmet restricted)
rElec   .          Harm     .   (no cloak)
rCorr   .          Rampage  .   (gloves unavailable)
Will    .....                   (boots unavailable)
Stlth   +.........              m - amulet of regeneration
HPRegen 1.86/turn               t - ring of flight
MPRegen 0.11/turn               u - +4 ring of protection

@: mighty, lethally poisoned (-1 -> -2), flying, slowed, glowing, very slow
A: large, unfitting armour, claws 3, regeneration 1, shaggy fur 1, tough skin 1
a: Renounce Religion, Wall Jump


You were on level 8 of the Dungeon.
You worshipped Wu Jian.
Wu Jian was pleased with you.
You visited 2 branches of the dungeon, and saw 9 of its levels.

You collected 405 gold pieces.

Inventory:

Armour
 a - a +0 robe
 b - a +0 kite shield
 w - an orb of light (worn)
 I - +0 steam dragon scales (worn)
Jewellery
 h - an amulet of magic regeneration
 m - an amulet of regeneration (around neck)
 q - a ring of see invisible
 t - a ring of flight (left claw)
 u - a +4 ring of protection (right claw)
 G - a ring of fire
Wands
 E - a wand of iceblast (4)
Scrolls
 d - 2 scrolls of blinking
 i - a scroll of fear {unknown}
 k - 4 scrolls of teleportation
 l - 3 scrolls of poison
 n - 2 scrolls of vulnerability
 p - 2 scrolls of noise {unknown}
 x - a scroll of amnesia {unknown}
 y - 3 scrolls of identify
 z - 2 scrolls of enchant weapon {unknown}
 B - a scroll of summoning
 C - a scroll of immolation {unknown}
Potions
 c - a potion of might
 e - a potion of lignification {unknown}
 g - 2 potions of heal wounds {unknown}
 j - 3 potions of degeneration {unknown}
 o - 2 potions of flight {unknown}
 r - 2 potions of haste {unknown}
 s - 2 potions of brilliance {unknown}
 v - a potion of attraction {unknown}
 A - a potion of ambrosia {unknown}
 D - a potion of cancellation {unknown}
 F - a potion of resistance {unknown}
 H - a potion of magic {unknown}


   Skills:
 + Level 6.5 Fighting
 - Level 2.4 Dodging
 + Level 7.2 Shields
 * Level 10.5 Unarmed Combat


You had 9 spell levels left.
You didn't know any spells.
Your spell library contained the following spells:

 Spells                   Type           Power      Damage    Failure   Level
 Summon Small Mammal      Summ           0%         N/A       41%         1
 Call Canine Familiar     Summ           0%         N/A       78%         3
 Ozocubu's Armour         Ice            0%         N/A       78%         3
 Summon Guardian Golem    Hex/Summ       0%         N/A       78%         3
 Ozocubu's Refrigeration  Ice            0%         4d7       100%        7


Dungeon Overview and Level Annotations

Branches:
Dungeon (8/15)             Temple (1/1) D:4
   Lair: D:8-11

Altars:
Ashenzari
Dithmenos
Fedhas
Gozag
Kikubaaqudgha
Uskayaw
Wu Jian
Zin

Annotations:
D:8 Amaemon


Innate Abilities, Weirdness & Mutations

You are too large for most types of armour.
You have claws for hands.
Your natural rate of healing is unusually fast.
You are covered in fur. (AC +1)
You have tough skin. (AC +1)


Message History

The orange demon stings you from afar. Amaemon hits you but does no damage.
You are more poisoned.
Amaemon barely misses you. Amaemon tail-slaps you.
The orange demon barely misses you. Amaemon closely misses you.
Amaemon claws you. Amaemon completely misses you.
You claw Amaemon!
Amaemon is almost dead.
You feel very sick.
An acid dragon comes into view.
Amaemon hits you with a -1 demon whip of venom!
* * * LOW HITPOINT WARNING * * *
You are more poisoned.
Amaemon claws you.
* * * LOW HITPOINT WARNING * * *
Amaemon tail-slaps you but does no damage.
The orange demon stings you from afar.
* * * LOW HITPOINT WARNING * * *
You feel better.
The acid dragon roars!
Amaemon misses you. Amaemon completely misses you. Amaemon closely misses you.
The orange demon stings you from afar!
* * * LOW HITPOINT WARNING * * *
You barely miss Amaemon.
Amaemon is almost dead.
The orange demon stings you but does no damage.
Amaemon gestures wildly while chanting.
The orange demon barely misses you. Amaemon hits you but does no damage.
You are poisoned.
Amaemon claws you!
* * * LOW HITPOINT WARNING * * *
Amaemon tail-slaps you but does no damage.
You scratch Amaemon.
Amaemon is almost dead.
You feel very sick. The scorpion stings you.
* * * LOW HITPOINT WARNING * * *
The orange demon stings you from afar!
* * * LOW HITPOINT WARNING * * *
Amaemon hits you with a -1 demon whip of venom.
You die...

##### # ####...#### ### .##
....###...####### #.###....
##...#####..##..###........
###### ##....###o.D......
##...s@64..# #####.#####
###


You could see Amaemon, an orange demon (curare), an acid dragon, a scorpion
(summoned) and an orc.

Vanquished Creatures
  A two-headed ogre (D:8)
  Pikel (D:7)
  Grinder (D:4)
  A wyvern (D:8)
  A steam dragon (D:8)
  An acid dragon (D:8)
  3 water moccasins
  An ice beast (D:7)
  2 black bears
  A sky beast (D:8)
  An ogre (D:7)
  A phantom (D:6)
  Blork the orc (D:4)
  6 bullfrogs
  A necrophage (D:5)
  A scorpion (D:4)
  A vampire bat (D:8)
  4 howler monkeys
  2 jellies
  A gnoll bouda (D:4)
  6 hounds
  5 orc priests
  2 iguanas
  4 orc wizards
  7 gnolls
  8 adders
  3 white imps
  2 ufetubi
  A dart slug (D:3)
  19 orcs
  6 ball pythons
  11 bats
  8 endoplasms
  A giant cockroach (D:1)
  6 goblins
  8 hobgoblins
  7 jackals
  4 quokkas
  6 frilled lizards
  8 kobolds
  2 rats
156 creatures vanquished.

Vanquished Creatures (others)
  2 plants (D:1)
2 creatures vanquished.

Grand Total: 158 creatures vanquished

Notes
Turn   | Place    | Note
-------+----------+-------------------------------------------
     0 | D:1      | BigDaddyOpFi the Troll Fighter began the quest for the Orb.
     0 | D:1      | Reached XP level 1. HP: 22/22 MP: 0/0
    85 | D:1      | Reached XP level 2. HP: 27/29 MP: 1/1
   214 | D:1      | Found a faded altar of an unknown god.
   223 | D:1      | Reached skill level 3 in Unarmed Combat
   223 | D:1      | Reached XP level 3. HP: 27/36 MP: 2/2
   805 | D:2      | Reached XP level 4. HP: 43/44 MP: 3/3
  2326 | D:4      | Reached XP level 5. HP: 53/53 MP: 4/4
  2381 | D:4      | Reached skill level 4 in Unarmed Combat
  2510 | D:4      | Found a staircase to the Ecumenical Temple.
  2568 | D:4      | Noticed Blork the orc
  2582 | D:4      | Killed Blork the orc
  2583 | D:4      | Reached XP level 6. HP: 59/61 MP: 5/5
  2805 | D:4      | Found a glowing silver altar of Zin.
  2914 | Temple   | Entered the Ecumenical Temple
  2958 | Temple   | Became a worshipper of the Wu Jian Council
  2993 | D:5      | Entered Level 5 of the Dungeon
  3004 | D:5      | Reached skill level 5 in Unarmed Combat
  3010 | D:5      | Noticed Grinder
  3168 | D:4      | Reached XP level 7. HP: 68/68 MP: 6/6
  3177 | D:4      | Paralysed by Grinder for 4 turns
  3182 | D:4      | Killed Grinder
  3183 | D:4      | Reached skill level 6 in Unarmed Combat
  3711 | D:6      | Reached skill level 5 in Shields
  3711 | D:6      | Reached XP level 8. HP: 76/79 MP: 7/7
  3817 | D:6      | Reached * piety under Wu Jian
  3818 | D:6      | Reached skill level 7 in Unarmed Combat
  4242 | D:6      | Reached skill level 5 in Fighting
  4418 | D:7      | Reached skill level 8 in Unarmed Combat
  4634 | D:7      | Found a blossoming altar of Fedhas.
  4778 | D:7      | Reached XP level 9. HP: 88/88 MP: 8/8
  5015 | D:7      | Noticed Pikel
  5027 | D:7      | Killed Pikel
  5028 | D:7      | Reached skill level 9 in Unarmed Combat
  5216 | D:8      | Reached ** piety under Wu Jian
  5551 | D:8      | Found a broken altar of Ashenzari.
  5551 | D:8      | Found an opulent altar of Gozag.
  5551 | D:8      | Noticed a two-headed ogre
  5562 | D:8      | Killed a two-headed ogre
  5563 | D:8      | Reached skill level 10 in Unarmed Combat
  5780 | D:8      | Reached XP level 10. HP: 100/100 MP: 9/9
  5857 | D:8      | Noticed an orange demon
  5860 | D:8      | Noticed Amaemon
  5882 | D:8      | HP: 1/100 [orange demon[Amaemon] (7)]
  5882 | D:8      | Slain by Amaemon

Illustrated notes

Levels and vault maps discovered:
D:1:      eino_arrival_cavern_a, layout_rooms,
          shapermc_ecumenical_altar_mp_urbaneastern,
          amcnicky_mini_corridor_feature
D:2:      layout_loops_cross, minmay_misc_feat_roman
D:3:      layout_loops_corners
D:4:      layout_basic, zin_scriptorium, temple_doors_ab, uniq_blork_the_orc
D:5:      layout_rooms, st_stairs_4, uniq_grinder
D:6:      layout_basic
D:7:      layout_gridville, fedhas_altar_fruit_tree, minmay_misc_feat_room,
          uniq_pikel
D:8:      layout_basic, nicolae_ru_the_path_less_chosen, jmf_multi_god_temple,
          erik_lair_dragon, roderic_batcave, nicolae_straight_to_the_point,
          uniq_amaemon
Temple:   bh_familiar_temple

Skill      XL: |  1  2  3  4  5  6  7  8  9 |
---------------+----------------------------+-----
Shields        | 3 4 5 6 7 |  7.2
Unarmed Combat | 3 4 5 6 8 10 | 10.5
Fighting       | 3 4 5 6 |  6.5
Dodging        | |  2.4

Action                   |  1- 3 |  4- 6 |  7- 9 | 10-12 || total
-------------------------+-------+-------+-------+-------++-------
Melee: Unarmed           |    95 |   156 |   212 |    13 ||   476
Invok: Lunge             |       |     1 |    17 |       ||    18
       Whirlwind         |       |       |     1 |       ||     1
  Use: Scroll            |       |     8 |       |       ||     8
       Potion            |       |     2 |       |     4 ||     6
 Stab: Sleeping          |       |     1 |     1 |       ||     2
Armor: Robe              |    25 |    59 |    50 |       ||   134
       Steam dragon scal |       |       |    13 |    21 ||    34
Dodge: Dodged            |    29 |    65 |    61 |    22 ||   177
Block: Kite shield       |    34 |    67 |    74 |       ||   175
